Map: Gresvan LE

Players

Obvi

  • Race: Zerg Zerg
  • League: Diamond
  • Spawn Location: 5:00

CBSINFERNAL - Winner!

  • Race: Terran Terran
  • League: Diamond
  • Spawn Location: 11:00

VOD

Have the link to the VOD?

Description

Time

  • Played on: July 10, 2023, 12:12 a.m.
  • Length: 16:34
Show
View Real Time Build Order
Export as new Build Order

Obvi Zerg 

Build Orders: Hatch First 

Get SALT Encoding   

  12  0:00  Drone  
  13  0:17  Overlord  
  13  0:19  Drone  
  14  0:35  Drone x2  
  16  0:39  Drone  
  17  0:55  Drone  
  18  0:57  Hatchery  
  18  1:01  Drone  
  18  1:10  Extractor  
  17  1:16  Spawning Pool  
  17  1:17  Drone  
  17  1:22  Drone  
  19  1:32  Drone  
  19  1:46  Overlord  
  19  1:56  Drone  
  20  2:02  Queen  
  20  2:05  Zergling x2  
  23  2:09  Queen  
  23  2:10  Zergling x2  
  26  2:16  Drone  
  27  2:23  Metabolic Boost, Drone  
  27  2:27  Drone  
  27  2:29  Roach Warren  
  28  2:31  Drone  
  29  2:40  Drone  
  29  2:41  Drone  
  31  2:56  Overlord  
  31  2:59  Overlord  
  31  3:02  Overlord  
  31  3:04  Overlord  
  31  3:10  Overlord  
  31  3:21  Roach  
  31  3:22  Roach x5  
  43  3:28  Roach  
  45  3:39  Roach  
  47  3:54  Zergling x10, Hatchery  
  51  3:57  Zergling x2  
  51  3:58  Zergling x2  
  52  4:19  Zergling x4  
  52  4:22  Drone  
  54  4:25  Drone  
  55  4:31  Drone  
  55  4:32  Drone x4  
  60  4:44  Extractor x2, Drone x3  
  59  4:47  Drone  
  60  4:58  Overlord  
  60  4:59  Overlord x2  
  60  5:10  Drone  
  60  5:11  Drone x5  
  60  5:12  Spore Crawler  
  65  5:15  Spore Crawler  
  65  5:20  Queen x2  
  67  5:24  Drone x4  
  71  5:33  Drone x2  
  73  5:41  Drone  
  73  5:47  Drone  
  72  5:52  Drone x8  
  80  6:00  Queen  
  80  6:02  Lair  
  82  6:04  Evolution Chamber  
  82  6:09  Evolution Chamber  
  74  6:15  Drone x2  
  74  6:17  Zergling x2  
  74  6:18  Zergling x8  
  75  6:28  Zergling x4  
  75  6:32  Zergling x2  
  78  6:33  Zergling x6  
  78  6:34  Overlord  
  80  6:46  Zergling x4  
  71  6:54  Roach x4  
  69  6:55  Queen, Roach x2  
  69  6:57  Roach  
  69  6:58  Roach  
  69  7:01  Queen  
  82  7:14  Extractor  
  76  7:18  Zergling x4, Hatchery  
  76  7:19  Zergling x2  
  68  7:31  Queen  
  68  7:35  Drone  
  68  7:36  Drone x5  
  66  7:47  Drone x2  
  68  8:03  Hatchery  
  68  8:04  Glial Reconstitution  
  67  8:08  Hydralisk Den, Zerg Melee Weapons Level 1  
  67  8:09  Zerg Missile Weapons Level 1  
  67  8:12  Hatchery  
  65  8:15  Zergling x20  
  70  8:35  Zergling x4  
  70  8:36  Zergling x4  
  62  8:48  Zergling x2  
  62  8:49  Zergling x6  
  62  8:53  Roach  
  62  8:57  Roach  
  62  8:58  Roach  
  62  9:14  Roach x4  
  67  9:18  Queen x2  
  67  9:20  Hatchery  
  63  9:29  Zergling x2  
  63  9:30  Zergling x10  
  65  9:33  Queen  
  65  9:34  Queen x2  
  69  9:46  Zergling x6  
  63  9:53  Roach x7  
  71  10:11  Roach x5  
  71  10:13  Zergling x2  
  71  10:21  Roach  
  71  10:28  Roach x2  
  71  10:31  Roach  
  75  10:45  Drone x6  
  75  10:49  Drone  
  82  10:55  Zergling x4  
  74  11:11  Hatchery  
  73  11:19  Infestation Pit  
  73  11:20  Zerg Missile Weapons Level 2  
  73  11:24  Zerg Ground Armor Level 1  
  72  11:37  Drone  
  72  11:39  Roach x3  
  87  11:40  Roach x4  
  87  11:48  Roach x4  
  87  11:53  Overseer  
  95  11:58  Roach x3  
  101  12:02  Overlord x2  
  101  12:04  Overlord  
  96  12:22  Roach x5  
  102  12:27  Infestor x4  
  102  12:28  Infestor  
  106  12:32  Ravager  
  107  12:37  Ravager  
  107  12:38  Ravager  
  109  12:46  Drone x2  
  109  12:47  Drone x4  
  109  12:49  Drone  
  109  12:50  Drone x3  
  109  12:51  Drone x2  
  121  12:56  Burrow  
  121  12:58  Drone x7  
  128  13:05  Roach x2  
  117  13:37  Pathogen Glands  
  117  13:39  Drone  
  117  13:40  Drone x14  
  131  13:45  Drone  
  132  13:51  Hive  
  132  14:06  Infestor x5  
  132  14:13  Overlord x6, Hatchery  
  131  14:23  Hatchery  
  125  14:32  Spine Crawler x2  
  110  14:46  Infestor x5  
  110  14:47  Drone x3  
  110  14:48  Drone x2  
  110  14:49  Drone  
  110  14:50  Drone x2  
  110  14:51  Drone x5  
  123  15:00  Drone x10  
  123  15:02  Infestor x3  
  133  15:12  Roach, Spine Crawler  
  133  15:13  Spine Crawler, Roach x6  
  79  15:47  Spire  
  69  15:51  Roach x5  
  69  15:52  Roach x3  
  69  15:53  Roach x6  
  69  15:54  Roach  
  69  15:55  Roach  
  99  15:58  Roach x2  
  103  16:05  Roach  
  103  16:06  Roach x3  
  110  16:17  Zergling x4  
Show
View Real Time Build Order
Export as new Build Order

CBSINFERNAL Terran - Winner!

Build Orders: Cyclone Opening, Mech 

Get SALT Encoding   

  12  0:00  SCV  
  13  0:13  SCV  
  14  0:17  Supply Depot  
  14  0:30  SCV  
  14  0:33  Refinery  
  15  0:43  Barracks  
  15  0:46  SCV  
  16  0:53  Refinery  
  16  0:58  SCV  
  17  1:10  SCV  
  18  1:22  SCV  
  19  1:33  Factory  
  19  1:38  Orbital Command  
  19  1:40  Supply Depot  
  19  1:41  Barracks Tech Lab  
  19  2:04  SCV  
  20  2:17  SCV  
  21  2:24  Cyclone  
  21  2:29  Command Center  
  24  2:32  SCV  
  25  2:44  SCV  
  26  2:56  SCV  
  26  2:57  Supply Depot  
  27  2:59  Siege Tank  
  30  3:08  SCV  
  31  3:32  Command Center  
  31  3:43  Factory  
  31  3:44  Factory  
  31  3:45  Factory  
  31  3:55  SCV  
  32  4:07  SCV  
  32  4:08  Siege Tank  
  36  4:19  SCV  
  37  4:30  Factory Tech Lab x3  
  37  4:53  Orbital Command  
  37  4:55  Hellion x4  
  45  5:03  Armory  
  45  5:16  Hellion, Cyclone x2  
  53  5:30  SCV x2  
  55  5:42  Cyclone, SCV x2  
  60  5:52  Hellion x3  
  60  5:54  SCV x2  
  68  6:06  SCV  
  69  6:32  Orbital Command  
  69  6:44  Hellion  
  69  6:49  Hellion  
  69  7:05  Hellion x4  
  69  7:09  Hellion  
  69  7:16  Hellion  
  69  7:20  Cyclone  
  68  7:23  Hellion  
  65  7:30  Hellion  
  61  7:37  Cyclone  
  62  7:44  Cyclone  
  62  7:48  SCV  
  62  7:49  SCV x2  
  61  7:51  Cyclone  
  61  7:52  Cyclone  
  67  8:00  SCV  
  67  8:01  SCV  
  67  8:02  Mag-Field Accelerator  
  67  8:03  Orbital Command  
  69  8:13  Cyclone, SCV x2  
  69  8:16  Cyclone  
  69  8:17  Refinery  
  69  8:18  Refinery  
  69  8:19  Infernal Pre-Igniter  
  77  8:23  Supply Depot x2  
  77  8:24  Supply Depot  
  77  8:45  Hellion x2  
  77  8:46  Hellion  
  85  8:48  Hellion  
  81  8:57  SCV  
  81  8:58  SCV x2  
  84  9:06  Hellion  
  84  9:09  SCV  
  87  9:10  SCV x2  
  86  9:21  SCV  
  86  9:22  SCV x2  
  84  9:33  SCV  
  84  9:34  SCV x2  
  79  9:46  SCV  
  75  10:11  Cyclone  
  75  10:12  Cyclone x3  
  75  10:32  SCV x3  
  76  10:40  Refinery  
  76  10:42  Factory  
  76  10:43  Cyclone, Factory  
  76  10:44  Factory, Refinery, SCV x2  
  76  10:45  Factory, SCV  
  76  10:46  Factory, Command Center  
  82  10:56  SCV  
  82  10:57  SCV x2  
  79  11:08  SCV  
  79  11:09  SCV  
  81  11:17  SCV  
  82  11:20  SCV  
  82  11:21  SCV  
  82  11:22  Hellion  
  82  11:23  Hellion x3  
  92  11:29  SCV  
  92  11:32  SCV  
  94  11:37  Command Center  
  94  11:38  Factory Tech Lab, Command Center  
  94  11:39  Factory Tech Lab x4  
  94  11:44  Hellion x2  
  98  11:47  Terran Vehicle Weapons Level 1  
  98  11:48  Hellion  
  100  11:58  Hellion  
  102  12:01  Hellion  
  102  12:02  Hellion x4  
  102  12:05  Hellion x2  
  116  12:13  Hellion  
  116  12:22  Hellion  
  116  12:25  Hellion x2  
  116  12:26  Hellion  
  106  12:37  Siege Tank x4  
  106  12:42  Orbital Command  
  115  12:47  Refinery  
  115  12:49  Siege Tank x5  
  130  12:56  Armory  
  130  12:57  Supply Depot  
  130  12:59  Supply Depot  
  130  13:00  Supply Depot  
  130  13:09  Siege Tank, Thor x2  
  145  13:18  Hellion, Refinery  
  147  13:21  Hellion x5  
  147  13:25  Command Center  
  127  13:41  Orbital Command x2, Terran Vehicle And Ship Armor Level 1  
  127  13:54  Engineering Bay  
  127  13:55  Command Center  
  127  14:02  Thor x4  
  151  14:18  Thor x2  
  151  14:20  Hellion  
  155  14:47  Siege Tank x6  
  171  15:02  Hellion x2  
  171  15:03  Hellion  
  177  15:11  Orbital Command x2  
  177  15:17  Refinery  
  177  15:19  Hellion x4  
  185  15:36  Refinery  
Tags
 
Add a new tag
Caveats
  • Supply blocks, unpowered buildings, or Contaminate may cause inaccurate times.
  • Supply counts are checked every 10 seconds.